 Dungeon Crawl Stone Soup version 0.22.0-38-g04b72b8c25 (webtiles) character file.

5515 Grim the Basher (level 10, -7/138 HPs)
             Began as an Ogre Berserker on Aug 30, 2018.
             Was a High Priest of Trog.
             Mangled by a two-headed hydra (9 damage)
             ... on level 8 of the Dungeon.
             The game lasted 00:21:39 (8947 turns).

Grim the Basher (Ogre Berserker)                    Turns: 8947, Time: 00:21:39

Health: -7/138     AC:  5    Str: 28      XL:     10   Next: 70%
Magic:  10/10      EV: 10    Int:  5 (6)  God:    Trog [*****.]
Gold:   518        SH:  0    Dex: 10 (13) Spells: 9/9 levels left

rFire    + . .     SeeInvis .   G - +3 flail (holy)
rCold    + . .     Gourm    .   (no shield)
rNeg     . . .     Faith    .   I - +0 robe {rC+}
rPois    .         Spirit   .   (helmet restricted)
rElec    .         Reflect  .   t - +1 cloak
rCorr    .         Harm     .   (gloves unavailable)
MR       ++++.     Rnd*Rage +   (boots unavailable)
Stlth    ..........             r - amulet of regeneration
HPRegen  1.73/turn              i - ring of stealth
MPRegen  0.12/turn              A - ring of protection from fire

@: berserking, regenerating, very quick
A: large, unfitting armour, agile 1, berserk 1, deterioration 1, dopey 1, magic
resistance 1, tough skin 1, wild magic 2
a: Berserk, Trog's Hand, Brothers in Arms, Renounce Religion


You were on level 8 of the Dungeon.
You worshipped Trog.
Trog was extremely pleased with you.
You were hungry.

You visited 1 branch of the dungeon, and saw 8 of its levels.
You also visited: Ossuary.

You collected 518 gold pieces.

Inventory:

Hand Weapons
 a - a +2 flail of protection
 b - a +0 blowgun
 E - a +0 giant spiked club
 G - a +3 flail of holy wrath (weapon)
Missiles
 f - 234 stones
 o - a throwing net
 s - 38 poisoned needles
 H - 7 silver javelins
 J - 2 large rocks (quivered)
 N - 8 needles of confusion
Armour
 l - a +0 robe
 t - a +1 cloak (worn)
 I - a +0 robe of cold resistance (worn)
Jewellery
 i - a ring of stealth (left hand)
 m - an uncursed ring of flight
 r - an amulet of regeneration (around neck)
 A - a ring of protection from fire (right hand)
Wands
 y - a wand of enslavement (9)
 z - a wand of polymorph (13)
 K - a wand of random effects (20)
Scrolls
 d - a scroll of immolation {unknown}
 h - a scroll of fog {unknown}
 k - 4 scrolls of enchant weapon {unknown}
 p - 5 scrolls of remove curse
 q - a scroll of enchant armour {unknown}
 u - 3 scrolls of noise {unknown}
 v - a scroll of blinking {unknown}
 x - 9 scrolls of teleportation {unknown}
 F - 7 scrolls of identify
 L - a scroll of silence {unknown}
 M - a scroll of magic mapping {unknown}
Potions
 e - 2 potions of degeneration
 g - a potion of berserk rage
 j - a potion of ambrosia
 n - 2 potions of brilliance
 w - 6 potions of curing
 B - a potion of lignification
 C - 3 potions of magic
 D - a potion of heal wounds
Comestibles
 c - 5 rations


   Skills:
 - Level 4.0 Fighting
 + Level 14.0 Maces & Flails
 - Level 2.6 Dodging


You had 9 spell levels left.
You didn't know any spells.
Your spell library contained the following spells:

 Spells                   Type           Power        Failure   Level  Hunger
 Animate Skeleton         Necr           N/A          65%         1    ##.....
 Pain                     Necr           #...         65%         1    ##.....
 Regeneration             Chrm/Necr      #.........   93%         3    ####...
 Vampiric Draining        Necr           #.........   93%         3    ####...
 Animate Dead             Necr           N/A          100%        4    #####..


Dungeon Overview and Level Annotations

Branches:
Dungeon (8/15)             Temple (0/1) D:4
   Lair: D:8-11

Altars:
Cheibriados
Gozag
Makhleb
Nemelex Xobeh
Qazlal
Trog

Shops:
D:5 %   D:7 }


Innate Abilities, Weirdness & Mutations

You are too large for most types of armour.
You have tough skin. (AC +1)
You are agile. (Dex +2)
You tend to lose your temper in combat.
Your body sometimes deteriorates upon taking damage.
You are dopey. (Int -2)
You are resistant to hostile enchantments. (MR+)
Your spells are harder to cast, but more powerful.


Message History

The two-headed hydra bites you.
* * * LOW HITPOINT WARNING * * *
Your skin crawls.
You feel resistant to hostile enchantments.
You feel somewhat more hungry. The two-headed hydra bites you!
* * * LOW HITPOINT WARNING * * *
The two-headed hydra barely misses you.
The dream sheep ruffles its wool and motes of dream dust sparkle, to no effect.
A red film seems to cover your vision as you go berserk!
You feel yourself moving faster!
You feel mighty!
You are feeling hungry.
The two-headed hydra bites you!
* * * LOW HITPOINT WARNING * * *
The two-headed hydra bites you.
* * * LOW HITPOINT WARNING * * *
You are too berserk!
You barely miss the two-headed hydra.
The two-headed hydra is severely wounded.
The two-headed hydra bites you!
You die...

###############.##..####.
#.....##...####'##..####'
#........................
#........................
#........##########......
#.....<..# ....# #......
#...((##.#≈%%.%' #.####.
#)..).####K..P.' #.####.
#.......@DYK...' #..#...
#........#Y....# #..#...
#........# .P≈P# #..#...
#........# ≈≈≈# #.##...
#........# P.' #.##...
#........# ## #......
#......... ............
#.......... ............
#.......... .......##...


You could see a two-headed hydra, a yak, 2 big kobolds and a dream sheep.

Vanquished Creatures
  The ghost of NeAGen181 the Skirmisher, a novice HOFi of Beogh (D:4)
  Joseph (D:8)
  The ghost of raetorn the Basher, a novice MiMo of Makhleb (D:6)
  A dream sheep (D:8)
  A hippogriff (D:7)
  A yak (D:8)
  2 hungry ghosts
  Menkaure (D:6)
  Edmund (D:4)
  2 ice beasts
  An orc warrior (D:6)
  2 black bears (D:8)
  A phantom (D:5)
  3 sky beasts
  3 ogres
  3 centaurs
  A big kobold (D:8)
  Blork the orc (D:4)
  An elf zombie (D:4)
  2 bullfrogs
  2 water moccasin zombies (Ossuary)
  An elf skeleton (D:4)
  A scorpion (D:5)
  A killer bee (D:3)
  7 wights
  A howler monkey (D:4)
  A crimson imp (D:8)
  A bullfrog zombie (D:5)
  A quasit (D:8)
  A human zombie (D:4)
  A centaur skeleton (D:8)
  4 hounds
  7 orc wizards
  A bullfrog skeleton (D:5)
  Ijyb (D:3)
  5 iguanas
  A human skeleton (D:4)
  8 worker ants
  A big kobold zombie (Ossuary)
  2 mummies (Ossuary)
  Robin (D:2)
  7 adders
  7 gnolls (D:6)
  2 shadow imps (D:6)
  6 adder zombies (Ossuary)
  2 worms
  5 adder skeletons
  A dart slug (D:2)
  3 leopard geckos
  42 orcs
  4 ball pythons
  5 giant cockroaches
  3 gnoll zombies (Ossuary)
  14 goblins
  11 hobgoblins
  12 jackals (D:1)
  10 kobolds
  2 quokkas
  10 bats
  4 frilled lizards
  A giant cockroach zombie (D:5)
  5 hobgoblin zombies (Ossuary)
  6 kobold zombies (Ossuary)
  3 leopard gecko skeletons
  An orc skeleton (D:4)
  8 orc zombies
  7 rats
260 creatures vanquished.

Notes
Turn   | Place    | Note
-------+----------+-------------------------------------------
     0 | D:1      | Grim the Ogre Berserker began the quest for the Orb.
     0 | D:1      | Reached XP level 1. HP: 24/24 MP: 1/1
    43 | D:1      | Reached skill level 3 in Maces & Flails
    61 | D:1      | Reached XP level 2. HP: 13/32 MP: 2/2
   727 | D:1      | Reached XP level 3. HP: 35/39 MP: 3/3
   906 | D:1      | Reached ** piety under Trog
  1126 | D:1      | Reached skill level 4 in Maces & Flails
  1386 | D:2      | Noticed Robin
  1400 | D:2      | Killed Robin
  1400 | D:2      | Reached XP level 4. HP: 38/48 MP: 4/4
  2514 | D:3      | Reached *** piety under Trog
  2525 | D:3      | Reached skill level 5 in Maces & Flails
  2564 | D:3      | Found a snail-covered altar of Cheibriados.
  2565 | D:3      | Noticed a sky beast
  2568 | D:3      | Found a transporter.
  2581 | D:3      | Found a transporter.
  2633 | D:3      | Reached XP level 5. HP: 54/54 MP: 5/5
  2787 | D:3      | Noticed Ijyb
  2814 | D:3      | Killed Ijyb
  3034 | D:4      | Found a staircase to the Ecumenical Temple.
  3148 | D:4      | Noticed NeAGen181's ghost (novice HOFi)
  3153 | D:4      | Found a transporter.
  3158 | D:4      | Found a transporter.
  3332 | D:4      | Noticed Blork the orc
  3333 | D:4      | Noticed Edmund
  3340 | D:4      | Killed Blork the orc
  3340 | D:4      | Reached skill level 6 in Maces & Flails
  3340 | D:4      | Reached XP level 6. HP: 62/62 MP: 6/6
  3352 | D:4      | Killed Edmund
  3498 | D:4      | Reached skill level 7 in Maces & Flails
  3498 | D:4      | Reached XP level 7. HP: 50/70 MP: 7/7
  3573 | D:4      | Found a sand-covered staircase.
  3597 | Ossuary  | Entered an ossuary
  3817 | Ossuary  | Reached **** piety under Trog
  3841 | Ossuary  | Reached skill level 8 in Maces & Flails
  4182 | D:4      | Reached XP level 8. HP: 54/78 MP: 8/8
  4950 | D:3      | Reached skill level 9 in Maces & Flails
  5213 | D:4      | Killed NeAGen181's ghost
  5213 | D:4      | Reached skill level 10 in Maces & Flails
  5327 | D:5      | Entered Level 5 of the Dungeon
  5437 | D:5      | Gained mutation: You are weak. (Str -2) [potion of mutation]
  5437 | D:5      | Gained mutation: Scrolls take you a little longer to read. [potion of mutation]
  5437 | D:5      | Gained mutation: You are dopey. (Int -2) [potion of mutation]
  5437 | D:5      | Gained mutation: You are agile. (Dex +2) [potion of mutation]
  5438 | D:5      | Lost mutation: Scrolls take you a little longer to read. [potion of mutation]
  5438 | D:5      | Lost mutation: You are weak. (Str -2) [potion of mutation]
  5438 | D:5      | Gained mutation: Your body sometimes deteriorates upon taking damage. [potion of mutation]
  5438 | D:5      | Gained mutation: You are very agile. (Dex +4) [potion of mutation]
  5438 | D:5      | Gained mutation: You occasionally shout uncontrollably at your foes. [potion of mutation]
  5438 | D:5      | Gained mutation: You are partially covered in yellow scales. (AC +2) [potion of mutation]
  5480 | D:5      | Reached XP level 9. HP: 70/84 MP: 9/9
  5536 | D:5      | Found Faxzes's Food Emporium.
  5565 | D:5      | Reached skill level 11 in Maces & Flails
  5714 | D:5      | Lost mutation: You are partially covered in yellow scales. (AC +2) [potion of mutation]
  5714 | D:5      | Lost mutation: You are very agile. (Dex +4) [potion of mutation]
  5714 | D:5      | Lost mutation: You occasionally shout uncontrollably at your foes. [potion of mutation]
  5714 | D:5      | Gained mutation: You tend to lose your temper in combat. [potion of mutation]
  5714 | D:5      | Gained mutation: Your spells are a little harder to cast, but a little more powerful. [potion of mutation]
  5714 | D:5      | Gained mutation: You are resistant to hostile enchantments. (MR+) [potion of mutation]
  5714 | D:5      | Gained mutation: Your spells are harder to cast, but more powerful. [potion of mutation]
  6290 | D:6      | Found a runed door.
  6296 | D:6      | Noticed raetorn's ghost (novice MiMo)
  6316 | D:6      | Killed raetorn's ghost
  6697 | D:6      | Reached skill level 12 in Maces & Flails
  6706 | D:6      | Found a bloodstained altar of Trog.
  6933 | D:6      | Reached ***** piety under Trog
  7050 | D:6      | Noticed Menkaure
  7056 | D:6      | Killed Menkaure
  7141 | D:6      | Found an opulent altar of Gozag.
  7141 | D:6      | Found a burning altar of Makhleb.
  7142 | D:6      | Found a bloodstained altar of Trog.
  7389 | D:7      | Found Coahezox's Gadget Shoppe.
  7418 | D:7      | Reached XP level 10. HP: 79/92 MP: 10/10
  7802 | D:7      | Reached skill level 13 in Maces & Flails
  8405 | D:8      | Found a sparkling altar of Nemelex Xobeh.
  8413 | D:8      | Found a stormy altar of Qazlal.
  8725 | D:8      | Noticed Joseph
  8743 | D:8      | Killed Joseph
  8928 | D:8      | Noticed a two-headed hydra
  8936 | D:8      | Reached skill level 14 in Maces & Flails
  8946 | D:8      | HP: 3/138 [two-headed hydra (12)]
  8947 | D:8      | Mangled by a two-headed hydra

Skill      XL: |  1  2  3  4  5  6  7  8  9 10 |
---------------+-------------------------------+-----
Maces & Flails | 3 4 5 6 7 8 10 12 14 | 14.0
Fighting       | |  4.0
Dodging        | |  2.6

Action                   |  1- 3 |  4- 6 |  7- 9 | 10-12 || total
-------------------------+-------+-------+-------+-------++-------
Melee: Mace              |   115 |   212 |   294 |       ||   621
       Flail             |       |       |   249 |   152 ||   401
Throw: Large rock        |       |       |       |     1 ||     1
Invok: Berserk           |       |     3 |     4 |     2 ||     9
       Trog's Hand       |       |     3 |     6 |     2 ||    11
  Use: Scroll            |       |       |    10 |       ||    10
       Potion            |       |       |     5 |     1 ||     6
 Stab: Sleeping          |       |       |       |     2 ||     2
  Eat: Chunk             |     2 |     3 |    10 |     3 ||    18
       Ration            |       |     2 |     7 |     1 ||    10
Armor: Animal skin       |    42 |    16 |       |       ||    58
       Robe              |       |    51 |   140 |    23 ||   214
Dodge: Dodged            |    77 |   111 |   262 |    68 ||   518
